 Dungeon Crawl Stone Soup version 0.19.5 (webtiles) character file.

111 kysmasi the Chopper (level 4, -2/30 HPs)
             Began as an Octopode Wanderer on Nov 8, 2017.
             Killed from afar by an orc wizard (9 damage)
             ... with a magic dart
             ... on level 3 of the Dungeon.
             The game lasted 00:08:36 (2065 turns).

kysmasi the Chopper (Octopode Wanderer)             Turns: 2065, Time: 00:08:36

Health: -2/30      AC:  1    Str: 10    XL:     4   Next: 92%
Magic:  4/4        EV:  9    Int: 14    God:
Gold:   104        SH:  7    Dex: 13    Spells: 0 memorised, 3 levels left

rFire  . . .     SeeInvis .     b - +0 hand axe
rCold  . . .     Gourm    .     a - +0 shield
rNeg   . . .     Faith    .     (helmet restricted)
rPois  +         Spirit   .     (no amulet)
rElec  .         Reflect  .     (no ring)
rCorr  .         Harm     .     (no ring)
MR     .....                    (no ring)
Stlth  +++.......               (no ring)
                                (no ring)
                                (no ring)
                                (no ring)
                                (no ring)

@: no status effects
A: almost no armour, stealthy swim, amphibious, 8 rings, constrict 8, camouflage
1, deterioration 1, poison resistance, gelatinous body 1
a: no special abilities


You were on level 3 of the Dungeon.
You were hungry.

You visited 1 branch of the dungeon, and saw 3 of its levels.

You collected 104 gold pieces.

Inventory:

Hand Weapons
 b - a +0 hand axe (weapon)
Armour
 a - a +0 shield (worn)
Scrolls
 h - a scroll of identify
 i - 2 scrolls of magic mapping
 n - a scroll of teleportation
Potions
 c - 5 potions of curing
 e - a potion of heal wounds
 g - a potion of cancellation
 j - a potion of agility
Comestibles
 d - a bread ration
 f - 2 meat rations
 m - a beef jerky


   Skills:
 + Level 2.9 Fighting
 * Level 4.8 Axes
   Level 2.0 Crossbows
 + Level 3.0 Stealth
 + Level 2.1 Shields


You had 3 spell levels left.
You didn't know any spells.

Dungeon Overview and Level Annotations

Branches:
Dungeon (3/15)

Altars:

Annotations:
D:3 Jessica


Innate Abilities, Weirdness & Mutations

You cannot wear most types of armour.
You are very stealthy in the water. (Stealth+)
You are amphibious.
You can wear up to eight rings at the same time.
You can use your tentacles to constrict eight enemies at once.
Your skin changes colour to match your surroundings (Stealth+).
Your rubbery body absorbs attacks. (AC +1, EV +1)
Your body sometimes deteriorates upon taking damage.
Your system is resistant to poisons. (rPois)


Message History

You hit the orc.
You kill the orc!
You constrict the orc.
The orc struggles to escape constriction.
You slash the orc!
You kill the orc!
You barely miss the goblin. You grab the goblin. You constrict the goblin.
The goblin closely misses you.
You hit the goblin.
You kill the goblin!
A puff of flame appears from out of thin air!
The puff of flame hits you!
* * * LOW HITPOINT WARNING * * *
You hit the frilled lizard.
You kill the frilled lizard!
You start resting.
You hear some strange, mumbled words.
A magic dart appears from out of thin air!
The magic dart hits you!
You die...

#.. ###..## .......
...#.####### ###
......... #.#
#?#..#### #)###
#[@>....#######....
#..............#.##
###..##.#####.....#
#...##............
#.......######.....#
##...... ##...##
#......# ##.##
#...#### #.#
.####...## #.###


There were no monsters in sight!

Vanquished Creatures
  2 adders (D:2)
  4 worms (D:2)
  4 dart slugs
  3 leopard geckos
  4 orcs (D:3)
  8 goblins
  10 hobgoblins
  9 jackals
  5 kobolds
  A quokka (D:2)
  2 bats
  3 frilled lizards
  7 rats
62 creatures vanquished.

Notes
Turn   | Place    | Note
-------+----------+-------------------------------------------
     0 | D:1      | kysmasi the Octopode Wanderer began the quest for the Orb.
     0 | D:1      | kysmasi set off with: a +0 shield, a +0 hand axe, a potion of curing, a bread ration
     0 | D:1      | Reached XP level 1. HP: 14/14 MP: 1/1
   327 | D:1      | Reached XP level 2. HP: 19/19 MP: 2/2
   635 | D:1      | Reached XP level 3. HP: 25/25 MP: 3/3
  1200 | D:2      | Reached XP level 4. HP: 23/30 MP: 4/4
  1682 | D:2      | Gained mutation: Your body sometimes deteriorates upon taking damage. [potion of mutation]
  1682 | D:2      | Gained mutation: Your system is resistant to poisons. (rPois) [potion of mutation]
  1999 | D:3      | Noticed Jessica
  2065 | D:3      | Killed from afar by an orc wizard

Skill      XL: |  1  2  3  4 |
---------------+-------------+-----
Stealth        | 2 3 |  3.0
Shields        | 2 |  2.1
Fighting       | |  2.9
Axes           | |  4.8
Crossbows      | |  2.0

Action                   |  1- 3 |  4- 6 || total
-------------------------+-------+-------++-------
Melee: Hand axe          |    60 |    64 ||   124
       Constrict         |    17 |    19 ||    36
       Tentacles         |     9 |     8 ||    17
  Use: Scroll            |     5 |     1 ||     6
       Potion            |     2 |     2 ||     4
 Stab: Sleeping          |    10 |     9 ||    19
       Distracted        |     2 |       ||     2
  Eat: Chunk             |     1 |     2 ||     3
Armor: Skin              |     2 |     2 ||     4
Dodge: Dodged            |    13 |    13 ||    26
Block: Shield            |    10 |    18 ||    28
